 Dungeon Sprint DCSS version 0.32-a0-42-ga30500b4d3 (webtiles) character file.

Game seed: 9133593490253472695

3 fozzywoppz the Sneak (level 1, -2/12 HPs)
             Began as a Kobold Brigand on Feb 1, 2024.
             Slain by Crazy Yiuf
             ... wielding a +2 quarterstaff of chaos
              (14 damage)
             ... in the Dungeon (Sprint III: "The Ten Rune Challenge").
             The game lasted 00:00:34 (48 turns).

fozzywoppz the Sneak (Kobold Brigand)                 Turns: 48, Time: 00:00:34

Health: -2/12      AC:  3    Str:  8    XL:     1   Next: 55%
Magic:  1/1        EV: 15    Int: 12    God:
Gold:   2          SH:  0    Dex: 16    Spells: 0/0 levels left

rFire   . . .        a - +2 dagger
rCold   . . .        (no shield)
rNeg    . . .        b - +0 robe
rPois   .            (no helmet)
rElec   .            c - +0 cloak
rCorr   .            (no gloves)
SInv    .            (no boots)
Will    .....        (no amulet)
Stlth   ++++         (no ring)
HPRegen 0.22/turn    (no ring)
MPRegen 0.07/turn

%: no teleportation
@: no status effects
A: small, no large weapons, nightstalker 3
a: no special abilities


You were in the Dungeon.
You visited 1 branch You collected 2 gold pieces.

Inventory:

Hand Weapons
 a - a +2 dagger (weapon)
Missiles
 d - 9 poisoned darts (quivered)
 e - 3 curare-tipped darts
Armour
 b - a +0 robe (worn)
 c - a +0 cloak (worn)
Scrolls
 k - a scroll of blinking
Potions
 f - a potion of curing
 g - a potion of heal wounds
 h - a potion of haste
 i - 2 potions of magic
 j - a potion of berserk rage


   Skills:
 - Level 2.1 Fighting
 + Level 3.5 Short Blades
 - Level 2.1 Throwing
 + Level 2.3 Dodging
 + Level 5.9 Stealth


You couldn't memorise any spells.
You didn't know any spells.
Your spell library was empty.

Dungeon Overview and Level Annotations

Branches:
Dungeon (1/1)

Altars:

Annotations:
D Crazy Yiuf


Innate Abilities, Weirdness & Mutations

You are small and have problems with some larger weapons.
You are completely attuned to the shadows.


Message History

You are frozen.
You hit the endoplasm.
The endoplasm is lightly wounded.
You hit the endoplasm.
The endoplasm is heavily wounded.
The rat bites you. The endoplasm misses you. The rat misses you.
The endoplasm attacks as it pursues you!
The endoplasm closely misses you.
You hit the endoplasm.
You kill the endoplasm!
The rat barely misses you.
Your Short Blades skill increases to level 3!
The rat bites you but does no damage.
You completely miss the rat. The rat barely misses you.
You hit the rat.
You kill the rat!
Your Dodging skill increases to level 2!
You see here a rat corpse.
You now have 2 gold pieces.
Found a dagger.
A rat comes into view.
The helpless rat fails to defend itself.
You stick the rat like a pincushion!!!
You kill the rat!
A rat comes into view.
The rat squeaks loudly.
The rat misses you.
You hit the rat.
You kill the rat!
A human and Crazy Yiuf come into view.
Crazy Yiuf is wielding a +2 quarterstaff of chaos.
Crazy Yiuf shouts!
You hit Crazy Yiuf.
Crazy Yiuf is lightly wounded.
You closely miss Crazy Yiuf.
Crazy Yiuf is lightly wounded.
Crazy Yiuf hits you with a +2 quarterstaff of chaos!
Ouch! That really hurt!
You die...

▓..##.......#
▓##.##.##...#
##.##.###..#
▓#.####.##..# .p
▓.###..##..## #...
▓#.....##..###....
###†.##...##.....
##..##....#......
#..###..##.#@g...
#..# #..#####....
▓▓▓▓ ▓▓▓▓ ▓▓▓▓


You could see Crazy Yiuf.

Vanquished Creatures
  An endoplasm (D)
  3 rats (D)
4 creatures vanquished.

Notes
Turn   | Place    | Note
-------+----------+-------------------------------------------
     0 | D        | fozzywoppz the Kobold Brigand began the quest for the Orb.
     0 | D        | Reached XP level 1. HP: 12/12 MP: 1/1
    45 | D        | Noticed Crazy Yiuf
    48 | D        | Slain by Crazy Yiuf

Illustrated notes

Levels and vault maps discovered:
D:        dungeon_sprint_mu [sprint_mu_entry_cave, sprint_mu_temple_rooms,
          sprint_mu_d1_spiders, sprint_mu_d2_genie, sprint_mu_d3_branching,
          sprint_mu_orc_legion, sprint_mu_elf_gauntlet, sprint_mu_hive_nellie,
          sprint_mu_lair_fedhas, sprint_mu_vaults_butterflies,
          sprint_mu_slime_circle, sprint_mu_shoals_kraken,
          sprint_mu_snake_twists, sprint_mu_blade_basic, sprint_mu_crypt_lich,
          sprint_mu_tomb_spiral, sprint_mu_vestibule_basic,
          sprint_mu_gehenna_hellfire, sprint_mu_dis_giant,
          sprint_mu_tartarus_statrot, sprint_mu_cocytus_islands, sprint_mu_zot1]

Skill      XL: |  1 |
---------------+----+-----
Short Blades   | 3 |  3.5
Dodging        | 2 |  2.3
Fighting       | |  2.1
Throwing       | |  2.1
Stealth        | |  5.9

Action                     || total
---------------------------++-------
  Melee: Dagger            ||     9
   Stab: Sleeping          ||     1
 Armour: Robe              ||     3
  Dodge: Dodged            ||     6

Table legend: (Time is in decaauts)
 A = Elapsed time spent in this place.
 B = Non-inter-level travel time spent in this place.
 C = Inter-level travel time spent in this place.
 D = Time resting spent in this place.
 E = Time spent auto-exploring this place.
 F = Levels seen in this place.
 G = Mean time per level.
                   A        B        C        D        E       F      G
               +--------+--------+--------+--------+--------+-----+--------+
         Total |     46 |     46 |      0 |      0 |      0 |   1 |   46.0 |
       Dungeon |     46 |     46 |      0 |      0 |      0 |   1 |   46.0 |
               +--------+--------+--------+--------+--------+-----+--------+

Top non-repeatable levels by time:
       D: 46 daAuts
